Cogmind - Beta 16 @@@ ROGUE MODE // 2025.10.26 @ 23:26:16 Player: Shyllaena Result: Self-destructed Performance ------------- Evolutions (0) 0 Regions Visited (3) 600 Robots Destroyed (6) 30 Value Destroyed (120) 120 Prototype IDs (8) 160 Alien Tech Used (0) 0 Bonus (800) 800 TOTAL SCORE: 1710 Bonus ------- Registered with UFD 300 Met Optimus in HQ 500 Cogmind --------- Core Integrity 108/250 Matter 300/300 Energy 250/250 System Corruption 0% Temperature Cool (0) Movement Treading (240) Ox1 Location -9/Scraptown Parts ------- > --- POWER (1) -------- Ion Engine > --- PROPULSION (2) --- Light Treads > --- UTILITY (2) ------ Large Storage Unit A0-MCA's Component Scanner > --- WEAPON (2) ------- Subdweller Machine Gun > --- INVENTORY (15) --- Ion Engine Scrap Suit Power Amplifier Subdweller Optics Terrain Scanner Terrain Scan Processor Subdweller Beam Cannon CPS Tube (2) Peak State ------------ > --- POWER ------------ Ion Engine > --- PROPULSION ------- Light Treads > --- UTILITY ---------- Small Storage Unit A0-MCA's Component Scanner > --- WEAPON ----------- Heavy Riot Gun Subdweller Machine Gun > --- INVENTORY -------- Ion Engine Scrap Suit Power Amplifier Subdweller Optics Terrain Scanner Terrain Scan Processor Subdweller Beam Cannon [Rating: 20] Favorites ----------- Power Ion Engine Engine Ion Engine Propulsion Light Treads Treads Light Treads Utility Small Storage Unit Storage Small Storage Unit Processor A0-MCA's Component Scanner Protection Utility Shielding Weapon Subdweller Machine Gun Energy Gun Heavy Riot Gun Energy Cannon Particle Cannon Ballistic Gun Subdweller Machine Gun Build | -11 -10 -10 -9 ------- Run | Yrd Mat Sub Scr Slots Evolved . | . . . . Power . | . . . . Propulsion . | . . . . Utility . | . . . . Weapon . | . . . . Parts Attached 14 | 6 3 3 2 Power 1 | 1 . . . Engine 1 | 1 . . . Core . | . . . . Reactor . | . . . . Propulsion 2 | 2 . . . Treads 2 | 2 . . . Leg . | . . . . Wheel . | . . . . Hover . | . . . . Flight . | . . . . Utility 4 | 1 1 . 2 Device . | . . . . Storage 2 | 1 . . 1 Processor 1 | . . . 1 Hackware . | . . . . Protection 1 | . 1 . . Artifact . | . . . . Weapon 7 | 2 2 3 . Energy Gun 5 | 2 1 2 . Energy Cannon 1 | . 1 . . Ballistic Gun 1 | . . 1 . Ballistic Cannon . | . . . . Launcher . | . . . . Special Weapon . | . . . . Impact Weapon . | . . . . Slashing Weapon . | . . . . Piercing Weapon . | . . . . Special Melee Weapon . | . . . . Unidentified Prototypes . | . . . . Parts Lost 2 | . . 1 1 Power . | . . . . Propulsion 1 | . . 1 . Utility . | . . . . Weapon 1 | . . . 1 Highest Loss Streak 1 | . . 1 1 To Critical Strikes . | . . . . Average Backups 6 | 3 6 7 7 Power 1 | 1 1 1 1 Propulsion . | 1 2 1 . Utility 3 | . 1 3 4 Weapon 1 | 1 1 1 1 Tool/Special . | . . . . Unused Backups 16 | . 2 4 10 Power 2 | . . 1 1 Propulsion 2 | . . 1 1 Utility 8 | . 1 1 6 Weapon 3 | . 1 1 1 Tool/Special 1 | . . . 1 Average Slot Usage (%) 91 | . 98 99 84 Engine 14 | . 14 14 14 Treads 20 | . 28 27 14 Storage 14 | . 14 14 14 Processor 4 | . . . 8 Protection 9 | . 12 14 5 Energy Gun 13 | . 24 7 13 Energy Cannon 4 | . 3 10 . Ballistic Gun 10 | . . 9 14 Peak Build Rating 20 | 6 10 12 20 Average Rating 12 | 3 8 10 16 On Entrance 6 | . 6 10 11 Avg Prop Armor Cover (%) . | . . . . Naked Turns . | . . . . Heaviest Build 33 | 14 18 19 33 Greatest Support 40 | 40 40 40 20 Greatest Overweight (x) 1 | . . . 1 Average Overweight (x) . | . . . . Largest Inventory Capacity 15 | 8 8 8 15 Average Capacity 8 | 7 8 8 9 Most Carried 9 | 7 8 8 9 Average Carried 7 | 4 6 7 8 Final Capacity 15 | 8 8 8 15 Final Carried 9 | 4 8 8 9 Class Distribution -------------------- 100% | Mutant Dominant Class ---------------- Mutant | -10/Materials Mutant | -10/Subcaves Mutant | -9/Scraptown Resources | -11 -10 -10 -9 ----------- Run | Yrd Mat Sub Scr Matter Collected 485 | 202 168 92 23 Remotely . | . . . . Salvage Created 135 | . . 135 . Parts 10 | . . 10 . Haulers Intercepted . | . . . . Recyclers Shooed . | . . . . Parts Field Recycled . | . . . . Retrieved Matter . | . . . . Parts Self-Destructed 11 | . . 11 . Prevented 1 | . . 1 . Parts Restored . | . . . . Kills | -11 -10 -10 -9 ------- Run | Yrd Mat Sub Scr Combat Hostiles Destroyed 6 | . . 6 . Guns 6 | . . 6 . Classes Destroyed 2 | . . 2 . Swarmer 4 | . . 4 . Subdweller 2 | . . 2 . Best Kill Streak 4 | . . 4 . Combat Bots Only 4 | . . 4 . Max Kills in Single Turn 1 | . . 1 . Gunslinging . | . . . . Exploded . | . . . . Melee . | . . . . Uniques/NPCs Destroyed . | . . . . Combat | -11 -10 -10 -9 -------- Run | Yrd Mat Sub Scr Hostile Shots Fired 83 | . . 68 15 Missed 30 | . . 27 3 Hits 53 | . . 41 12 Melee 2 | . . . 2 Projectile 51 | . . 41 10 Critical Strikes 2 | . . 2 . Damage Taken 624 | . 15 469 140 Core 142 | . 15 85 42 Absorbed by Shields . | . . . . Redirected to Shielding 6 | . . 6 . Core Remaining (%) 100 | 100 . . . Volleys Fired 31 | . . 27 4 Largest 2 | . . 2 2 Hottest 133 | . . 133 90 Shots Fired 62 | . . 54 8 Gun 43 | . . 35 8 Cannon 19 | . . 19 . Launcher . | . . . . Special . | . . . . Kinetic 20 | . . 16 4 Thermal 30 | . . 30 . Explosive . | . . . . Electromagnetic 12 | . . 8 4 Robot Hit Streak 17 | . . 17 6 Robot Miss Streak 3 | . . 3 1 Penetration Max . | . . . . Secondary Targets 2 | . . 2 . Max Gunslinging Chain 1 | . . 1 . Shots Hit Robots 47 | . . 40 7 Core Hits 18 | . . 14 4 Critical Kills . | . . . . Critical Parts Destroyed . | . . . . Critical Strikes . | . . . . Melee Attacks . | . . . . Impact . | . . . . Slashing . | . . . . Piercing . | . . . . Sneak Attacks . | . . . . Combat Hostiles . | . . . . Follow-up Attacks . | . . . . Damage Inflicted 801 | . . 697 104 Guns 552 | . . 448 104 Cannons 249 | . . 249 . Explosions . | . . . . Melee . | . . . . Ramming . | . . . . Kinetic 258 | . . 197 61 Thermal 411 | . . 411 . Explosive . | . . . . Electromagnetic 132 | . . 89 43 Impact . | . . . . Slashing . | . . . . Piercing . | . . . . Highest Corruption . | . . . . Average Corruption . | . . . . Corruption Purged . | . . . . Corruption Blocked . | . . . . Overload Shots . | . . . . Overflow Damage . | . . . . Projectiles . | . . . . Explosions . | . . . . Melee . | . . . . Knockbacks . | . . . . Impact . | . . . . Kinetic . | . . . . Secondary . | . . . . Self-Inflicted Damage . | . . . . Shots . | . . . . Rammed . | . . . . Targets Rammed . | . . . . Kicked . | . . . . Crushed . | . . . . Highest Temperature 120 | . . 36 120 Average Temperature 38 | . . 16 61 Received Heat Transfer 102 | . . 66 36 Siege Activations . | . . . . Martial Activations . | . . . . Shielding Activations . | . . . . Robots Disrupted . | . . . . Combat Hostiles . | . . . . Robots Corrupted . | . . . . Combat Hostiles . | . . . . Parts Fried 1 | . . 1 . Impact Corruptions . | . . . . Robots Melted . | . . . . Combat Hostiles . | . . . . Parts Melted 1 | . . 1 . Heat Transferred 705 | . . 705 . Parts Sabotaged . | . . . . Parts Stolen . | . . . . Parts Stripped . | . . . . Power Chain Reactions . | . . . . Alert | -11 -10 -10 -9 ------- Run | Yrd Mat Sub Scr Maximum Alert Level . | . . . . Low Security (%) 100 | 100 100 . . Level 1 . | . . . . Level 2 . | . . . . Level 3 . | . . . . Level 4 . | . . . . Level 5 . | . . . . High Security . | . . . . Max Security . | . . . . Peak Influence . | . . . . Initial . | . . . . Average . | . . . . Influence Increases 140 | . . 140 . Destroy 0b10 Robot/C 80 | . . 80 . Lose Combat Pursuer 60 | . . 60 . Influence Decreases 140 | . . 34 106 Entered New Map 106 | . . . 106 Time Decay 24 | . . 24 . Lost Part 10 | . . 10 . Squads Dispatched . | . . . . Investigation . | . . . . Extermination . | . . . . Reinforcement . | . . . . Assault . | . . . . Garrison . | . . . . Intercept . | . . . . Searches Triggered . | . . . . Construction Impeded . | . . . . Haulers Reinforced . | . . . . Active Scanning Responses . | . . . . Cargo Convoy Interrupts . | . . . . Stealth | -11 -10 -10 -9 --------- Run | Yrd Mat Sub Scr Distress Signals . | . . . . Communications Jammed . | . . . . Distress Signals . | . . . . Times Spotted 21 | . 2 10 9 Peak Tracking Total 6 | . 2 6 5 Tactical Retreats 3 | . . 2 1 Traps | -11 -10 -10 -9 ------- Run | Yrd Mat Sub Scr Traps Triggered 1 | . 1 . . Indirectly . | . . . . Trap Hack Attempts . | . . . . Triggered . | . . . . Disarmed . | . . . . Reprogrammed . | . . . . Reused . | . . . . Traps Extracted . | . . . . Installed . | . . . . Triggered . | . . . . Machines | -11 -10 -10 -9 ---------- Run | Yrd Mat Sub Scr Machines Disabled . | . . . . Max in Single Turn . | . . . . Machines Repaired . | . . . . Machines Dismantled . | . . . . Machines Sabotaged . | . . . . Overloaded Fab Kills . | . . . . Hacking | -11 -10 -10 -9 --------- Run | Yrd Mat Sub Scr Machines Accessed 1 | . . . 1 Terminals . | . . . . Fabricators . | . . . . Repair Stations . | . . . . Recycling Units . | . . . . Scanalyzers . | . . . . Garrison Access . | . . . . Total Hacks 1 | . . . 1 Successful 1 | . . . 1 Failed . | . . . . Catastrophic . | . . . . Database Lockouts . | . . . . Manual . | . . . . Terminals . | . . . . Fabricators . | . . . . Repair Stations . | . . . . Recycling Units . | . . . . Scanalyzers . | . . . . Garrison Access . | . . . . Terminal Hacks 1 | . . . 1 Record 1 | . . . 1 Fabricator Hacks . | . . . . Repair Station Hacks . | . . . . Recycling Unit Hacks . | . . . . Scanalyzer . | . . . . Garrison Access Hacks . | . . . . Unauthorized Hacks . | . . . . Terminals . | . . . . Fabricators . | . . . . Repair Stations . | . . . . Recycling Units . | . . . . Scanalyzers . | . . . . Garrison Access . | . . . . Data Cores Recovered . | . . . . Used . | . . . . Hacking Detections . | . . . . Full Trace Events . | . . . . Feedback Events . | . . . . Feedback Blocked . | . . . . Robot Schematics Acquired . | . . . . Robots Built . | . . . . Authchips . | . . . . Time . | . . . . Total Robot Build Rating . | . . . . Part Schematics Acquired . | . . . . Parts Built . | . . . . Authchips . | . . . . Time . | . . . . Total Part Build Rating . | . . . . Part Studies Acquired . | . . . . Parts Repaired . | . . . . Time . | . . . . Parts Recycled . | . . . . Recycled Matter . | . . . . Retrieved Matter . | . . . . Retrieved Components . | . . . . Parts Scanalyzed . | . . . . Part Schematics Acquired . | . . . . Parts Damaged . | . . . . Bothacking | -11 -10 -10 -9 ------------ Run | Yrd Mat Sub Scr Used RIF Installer . | . . . . Robots Hacked . | . . . . Non-combat . | . . . . Combat . | . . . . Robot Hacks Applied . | . . . . Relay Couplers Released . | . . . . Fabnet Peak Effective % . | . . . . Robots Rewired . | . . . . Allies Hacked . | . . . . Hacks Repelled . | . . . . Allies | -11 -10 -10 -9 -------- Run | Yrd Mat Sub Scr Total Allies . | . . . . Largest Group . | . . . . Highest-Rated Group . | . . . . Highest-Rated Ally . | . . . . Total Orders . | . . . . Ally Attacks . | . . . . Total Damage . | . . . . Kills . | . . . . Allies Corrupted . | . . . . Allies Melted . | . . . . Intel | -11 -10 -10 -9 ------- Run | Yrd Mat Sub Scr Active Infowar (turns) . | . . . . Robot Analysis Total . | . . . . Derelict Logs Recovered 2 | . . 2 . Drone Launches . | . . . . Drone Recoveries . | . . . . Exploration | -11 -10 -10 -9 ------------- Run | Yrd Mat Sub Scr Turns Passed 1859 | 69 250 624 916 Spaces Moved 1033 | 45 147 327 514 Core 15 | 15 . . . Treads 1018 | 30 147 327 514 Legs . | . . . . Wheels . | . . . . Hover . | . . . . Flight . | . . . . Fastest Speed 50 | 50 160 160 160 Average Speed 165 | 123 160 160 174 Slowest Speed 240 | 160 160 160 240 Overloaded Moves . | . . . . Propulsion Burnouts . | . . . . Robots Hopped . | . . . . Potential Cave-ins . | . . . . Cave-ins Triggered . | . . . . Exploration Rate (%) 25 | 3 30 22 45 Regions Visited 3 Branch Regions 2 Pre-discovered Areas 2 | . . 2 . Known Exits Taken . | . . . . Unknown Exits Taken 3 | 1 1 1 . Scrap Searched 4 | . . 3 1 Spaces Dug . | . . . . Terrain Destroyed . | . . . . Melee . | . . . . Projectile . | . . . . AOE . | . . . . Terrain Rammed . | . . . . Walls Destroyed . | . . . . Machines Disabled . | . . . . Actions | -11 -10 -10 -9 --------- Run | Yrd Mat Sub Scr Total 1124 | 57 163 376 528 Wait 10 | . 2 8 . Move 1030 | 44 146 326 514 Hop . | . . . . Pick Up 23 | 7 8 4 4 Fast Attach 5 | 3 . 2 . Attach 5 | 3 1 . 1 Detach . | . . . . Swap 5 | . 2 2 1 Drop 15 | . 4 7 4 Fire 31 | . . 27 4 Melee . | . . . . Ram . | . . . . Kick . | . . . . Crush . | . . . . Escape Stasis . | . . . . Rewire . | . . . . Trap . | . . . . Miscellaneous . | . . . . Route ------- -11/Scrapyard -10/Materials (discovered 2 exits: [*Mat] / [*Sub]) -10/Subcaves -9/Scraptown History --------- Turn | Location | Event 13 | -11/Scrapyard | Discovered new exit (range 15) 70 | -11/Scrapyard | Entered Materials 71 | -10/Materials | Met a group of wandering Federalists 185 | -10/Materials | Discovered new exit (range 16) 307 | -10/Materials | Discovered new exit (range 9) 310 | -10/Materials | Build established: Mutant 320 | -10/Materials | Entered Subcaves 321 | -10/Subcaves | Continued accompanying wandering Federalists (5) 371 | -10/Subcaves | Disturbed a concealed Subdweller 416 | -10/Subcaves | Lost 3 allies 475 | -10/Subcaves | Shifting Twisted Machinery released Scrap Shield 477 | -10/Subcaves | Shifting Twisted Machinery released Scrap Shield 674 | -10/Subcaves | Learned location of Storage (-9) 697 | -10/Subcaves | Learned location of Mines (-10) 944 | -10/Subcaves | Entered Scraptown 1109 | -9/Scraptown | Visited UFD Registry 1109 | -9/Scraptown | Registered with UFD as "Nukerigger" 1192 | -9/Scraptown | Visited Curators Association 1287 | -9/Scraptown | Visited A0-MCA Data Center 1296 | -9/Scraptown | Given a B+ rating by A0-MCA 1302 | -9/Scraptown | Found A0-MCA's Component Scanner 1347 | -9/Scraptown | Visited Research Penetration Think Tank 1402 | -9/Scraptown | Visited Supply Room 1443 | -9/Scraptown | Visited Scrap Suit Storage 1458 | -9/Scraptown | Found Scrap Suit 1515 | -9/Scraptown | Met Optimus 1515 | -9/Scraptown | Accepted into 0bPrime 1816 | -9/Scraptown | Civil war broke out across Scraptown 1845 | -9/Scraptown | Core integrity fell below 50% 1860 | -9/Scraptown | Self-destructed Last Messages --------------- YU-E2I(r) follow-up attacks with Ripteeth. PM-2LD(E) Ovr. Treads ripped off. LI-5S9(r) destroyed. Slug penetrates Machine. Machine disabled. Slug penetrates YU-E2I(r). YU-E2I(r) suffers critical hit (Destroy). YU-E2I(r) destroyed. Slug penetrates GE-9A4(p). GE-9A4(p) destroyed. Machine disabled. Slug penetrates Machine. HN-OZV(p) suffers critical hit (Destroy). PM-2LD(E): "0bPrime accepts all who want to win. Surrender now!" HN-OZV(p) destroyed. Hvy. Riot Gun destroyed. Acquired 23 matter. B4-484(j) heat short circuits Ovr. Titanium Leg. 73-H0M(E) destroyed. Map ----- +----------------------------------------------------+ | "## |""#????????? | | "## | #????????? | | "## | #????????? | | #????????? | | """""""""""""""""""""""""" "## "" !#????????? | | """""""""""""""""""""""""" "##""""!!#????????? | | ###### ################"" "#########????????? | | #? #?????????#"" "#############????? | | # X"?????????#"" "## #"""""#""#????? | | # "" "" #?????????#"" "## !! ! ! !#????? | | # "" "" X"???????###" !%! "## #????? | | # " " ######### #" ! "## #????? | | "" /% X" #????? | | "" "## ##"#????? | | # " " ######### #" "## !! ! #???????? | | # "" "" ""#??????###"" "## #"""""#???????? | | #? "" "" ##????????#"" "##########???????? | | # X"#????????#"" "#????????????????? | | # ##????????#"" "#???""???????????? | | ###### ######???#######""!= "#?? """""????????? | | """""""""????"""""""""""""%= "## ""????????? | | """""""""""""" """" !*[ " ???????? | | 3 [ "## "?????? | | #?? "" ??????? | | / "#???"????? ??????? | | !@!%= ##???????????????? | | [%[ ! #???????????????? | | """""""""" """""""""" """"""!% ##???????????????? | | ########## ##???###### ######p* #????????????????? | | ?????????????????# "= #????????????????? | | ?????????????????# # #????????????????? | | #????????????????# """"" # #????????????????? | | "#????????????????# ?"###" ?# "????????????????? | | "#????????????????#?????#"??# ##???????????????? | | "???????????????????????#???# ############?????? | | ????????????????????????????# #?????? | | ????????????????????????????# ##?????? | | ????????????????????????????# #?????? | | ????????????????????????????# #?????? | | ????????????????????????????# #?????? | | ????????????????????????????# ############?????? | | ############################# #####????????????? | | """##"""##"""##"""##"""##"|"#[! """"#????????????? | | ""## ""##" "##"""##""|##" #%!!"" "#????????????? | | == "#????????????? | | " "#????????????? | | """"#????????????? | | """##"""##""|##"|"##!!$##"" ## ######????????????? | | """##"""##"""##"""##"""##"""####?????????????????? | | #############################????????????????????? | +----------------------------------------------------+ Best States ------------- Heat Dissipation 25 Energy Generation 10 Energy Capacity 250 Matter Stores 300 Matter Capacity 300 Sight Range 16 Terrain Scan Density 10 Utility Shielding 33 Evasion (%) 50 Recoil Reduction 2 Item Schematics ----------------- None Robot Schematics ------------------ None Fabricated ------------ Nothing Repaired ---------- Nothing Studied --------- None Alien Tech Used ----------------- None Achievements -------------- Civilization 2243 Link The Feds Strength In Numbers Challenges ------------ None Game ------ Seed TeslaCoilKinecellerator Manual? 0 Play Time 00:28:02 Cumulative 6.3 hours Start 2025.10.26 @ 22:39:27 End 2025.10.26 @ 23:26:16 Sessions 1 Manual Loads 0 Difficulty Rogue Special Mode None Game No. 12 Rogue 12 Adventurer 0 Explorer 0 Win Type - Total 0 Types 0/0/0/0/0/0/0/0/0/0 Lore% 7 Gallery% 8 Achievement% 8 Wizard Run 0 Options --------- Layout 1 ASCII 0 Keyboard 0 Movement Mouse Keybinds 0 Fullscreen 1 Font 32/SmallcapsGlow Map View 50x35 Zoom Use 0% Tactical HUD 0 Map Filters NONE Filters NONE Steam 1 RUN: 387128cd-393c-4114-9954-b61b988c7969